Map: Costas tropicales

Players

MrFercho - Winner!

  • Race: Zerg Zerg
  • League: Gold
  • Spawn Location: 0:00

tigro

  • Race: Terran Terran
  • League: Bronze
  • Spawn Location: 5:00

VOD

Have the link to the VOD?

Description

Time

  • Played on: Aug. 9, 2020, 7:26 p.m.
  • Length: 4:00
Show
View Real Time Build Order
Export as new Build Order

MrFercho Zerg - Winner!

Build Orders: Pool Only 

Get SALT Encoding   

  12  0:19  Spawning Pool  
  11  0:23  Drone  
  11  0:28  Drone  
  13  0:32  Drone  
  14  0:44  Overlord  
  14  1:05  Drone  
  14  1:10  Zergling x4  
  17  1:17  Queen  
  19  1:21  Overlord  
  19  1:29  Zergling x2  
  20  1:39  Zergling x2  
  21  1:51  Zergling x2  
  22  2:01  Zergling x2  
  23  2:13  Zergling x2  
  24  2:22  Overlord  
  24  2:37  Zergling x8  
  28  2:49  Zergling x2  
  28  3:05  Zergling x8  
  29  3:21  Zergling x2  
  30  3:28  Zergling x2  
  30  3:41  Zergling x6  
Show
View Real Time Build Order
Export as new Build Order

tigro Terran 

Build Orders:  

Get SALT Encoding   

  12  0:23  SCV  
  12  0:28  Supply Depot  
  13  0:35  SCV  
  14  0:47  SCV  
  15  0:50  Supply Depot  
  15  0:55  Barracks  
  15  1:13  Supply Depot  
  15  1:14  SCV  
  16  1:22  Refinery  
  16  1:26  SCV  
  16  1:29  Refinery  
  17  1:38  SCV  
  18  1:43  Marine  
  19  1:50  SCV  
  20  1:57  Supply Depot  
  20  2:01  Marine  
  21  2:18  Marine  
  21  2:19  SCV  
  21  2:20  Supply Depot  
  23  2:31  SCV  
  23  2:36  Marine  
  25  2:43  SCV  
  26  2:45  Factory  
  24  2:54  Marine  
  24  2:55  SCV  
  7  3:07  SCV  
  7  3:12  Marine  
  6  3:32  SCV  
Tags
 
Matchup
TvZ
Opening
Pool Only
Replay Pack
MrFercho
Add a new tag
Caveats
  • Supply blocks, unpowered buildings, or Contaminate may cause inaccurate times.
  • Supply counts are checked every 10 seconds.